Map: Berlingrad LE

Players

Liquidthermy (uThermal) - Winner!

  • Race: Terran Terran

DRG

  • Race: Zerg Zerg

VOD

Have the link to the VOD?

Description

Time

  • Played on: Oct. 21, 2021, 8:14 a.m.
  • Length: 6:26
Show
View Real Time Build Order
Export as new Build Order

Liquidthermy Terran - Winner!

Build Orders: Hellion Opening, Reaper Expand 

Get SALT Encoding   

  12  0:00  SCV  
  13  0:12  SCV  
  14  0:17  Supply Depot  
  14  0:24  SCV  
  15  0:38  SCV  
  15  0:39  Barracks  
  16  0:43  Refinery  
  16  0:50  SCV  
  17  1:02  SCV  
  18  1:14  SCV  
  19  1:27  Reaper, Orbital Command  
  20  1:39  Command Center  
  20  1:48  Supply Depot  
  20  1:53  SCV  
  21  1:58  Marine  
  22  2:05  SCV  
  22  2:08  Factory  
  23  2:14  Refinery  
  23  2:17  SCV  
  23  2:20  Barracks Reactor  
  24  2:29  SCV  
  25  2:41  SCV  
  26  2:53  SCV  
  26  2:55  Starport  
  27  3:03  Hellion x2  
  27  3:05  Barracks Tech Lab, SCV, Orbital Command  
  33  3:24  Hellion x2  
  33  3:25  Marauder  
  38  3:31  Viking  
  38  3:32  Supply Depot  
  38  3:33  Concussive Shells  
  40  3:46  Hellion x2  
  40  3:47  Marauder  
  46  3:55  Supply Depot  
  46  4:00  Armory  
  46  4:03  Medivac  
  46  4:08  Hellion x2  
  52  4:10  Marauder  
  54  4:17  Supply Depot  
  54  4:20  SCV x2  
  56  4:29  Hellion x2  
  60  4:37  SCV x2  
  62  4:40  Supply Depot  
  62  4:50  Hellion  
  62  4:51  SCV, Hellion  
  67  4:59  SCV  
  67  5:12  Hellion  
  67  5:13  Marauder  
  69  5:14  SCV  
  69  5:17  Hellion  
  69  5:19  SCV  
  71  5:26  Command Center  
  71  5:27  SCV  
  68  5:33  Hellion  
  68  5:35  Marauder  
  72  5:37  SCV  
  72  5:39  SCV, Hellion  
  76  5:43  Supply Depot  
  76  5:49  SCV  
  73  5:51  SCV  
  73  5:57  Marauder  
  74  6:01  SCV  
  74  6:03  SCV  
  72  6:13  SCV  
Show
View Real Time Build Order
Export as new Build Order

DRG Zerg 

Build Orders: Hatch First 

Get SALT Encoding   

  12  0:00  Drone  
  13  0:12  Overlord  
  13  0:16  Drone  
  14  0:30  Drone x2  
  16  0:47  Hatchery  
  15  0:50  Drone  
  15  0:54  Drone  
  17  0:57  Drone  
  18  1:09  Extractor  
  17  1:12  Spawning Pool  
  17  1:16  Drone  
  17  1:20  Drone  
  18  1:28  Drone  
  19  1:39  Drone  
  20  1:49  Drone  
  21  1:59  Queen x2  
  21  2:00  Zergling x4  
  27  2:10  Overlord  
  27  2:11  Drone  
  28  2:21  Hatchery  
  27  2:23  Drone  
  27  2:29  Drone  
  29  2:32  Drone  
  29  2:35  Drone  
  31  2:38  Queen  
  33  2:46  Metabolic Boost  
  33  2:50  Overlord  
  33  2:52  Drone  
  33  2:53  Drone  
  33  2:55  Drone  
  36  3:04  Overlord  
  36  3:09  Drone  
  36  3:10  Drone x3  
  40  3:14  Queen  
  40  3:17  Drone  
  40  3:18  Drone  
  44  3:24  Queen  
  44  3:26  Drone  
  47  3:28  Drone  
  47  3:33  Queen  
  50  3:37  Overlord  
  51  3:41  Drone x2  
  51  3:44  Zergling x4  
  51  3:46  Drone  
  56  3:48  Drone  
  56  3:50  Drone x2  
  56  3:54  Queen  
  60  3:57  Drone  
  60  3:58  Drone  
  60  4:02  Overlord  
  62  4:03  Drone  
  62  4:06  Drone  
  62  4:07  Drone  
  62  4:08  Drone  
  66  4:17  Overlord  
  66  4:19  Queen  
  66  4:21  Overlord  
  66  4:23  Zergling x6  
  71  4:25  Drone x2  
  71  4:26  Drone  
  71  4:28  Overlord  
  71  4:30  Overlord  
  74  4:34  Overlord  
  73  4:39  Overlord  
  73  4:40  Zergling x2  
  73  4:41  Zergling x2  
  73  4:42  Drone x3  
  73  4:43  Drone x2  
  80  4:46  Drone  
  80  4:51  Lair  
  81  4:53  Drone, Roach Warren  
  81  4:56  Queen  
  83  5:01  Queen  
  83  5:02  Zergling x6  
  83  5:10  Zergling x4  
  83  5:12  Zergling x2  
  83  5:14  Zergling x4  
  80  5:20  Zergling x12  
  82  5:26  Zergling x2  
  82  5:27  Zergling x2  
  76  5:32  Queen  
  76  5:33  Roach x2  
  74  5:36  Queen  
  74  5:37  Roach  
  74  5:41  Roach  
  74  5:47  Roach x2  
  76  5:52  Roach  
  76  5:56  Roach  
  67  6:00  Roach  
  67  6:01  Roach  
  62  6:05  Roach  
Tags
 
Add a new tag
Caveats
  • Supply blocks, unpowered buildings, or Contaminate may cause inaccurate times.
  • Supply counts are checked every 10 seconds.